 Dungeon Sprint DCSS version 0.31-a0-115-g4708a659fe (webtiles) character file.

Game seed: 6791713269990963737

6262 Conn the Scorcher (level 10, -6/59 HPs)
             Began as an Octopode Fire Elementalist on May 29, 2023.
             Was a High Priest of Sif Muna.
             Shot with an arrow by a centaur warrior (22 damage)
             ... in the Dungeon (Sprint I: "Red Sonja").
             The game lasted 00:13:25 (1635 turns).

Conn the Scorcher (Octopode Fire Elementalist)      Turns: 1635, Time: 00:13:25

Health: -6/59      AC:  1    Str:  8    XL:     10   Next: 93%
Magic:  5/26       EV: 15    Int: 18    God:    Sif Muna [*****.]
Gold:   752        SH:  4    Dex: 12    Spells: 24/34 levels left

rFire   . . .        h - +2 short sword (venom)
rCold   . . .        (no shield)
rNeg    . . .        (helmet restricted)
rPois   +            (no amulet)
rElec   .            j - ring of poison resistance
rCorr   .            d - ring of flight
SInv    .            (no ring)
Will    .....        (no ring)
Stlth   +++          (no ring)
HPRegen 0.29/turn    (no ring)
MPRegen 0.20/turn    (no ring)
                     (no ring)

%: no teleportation
@: flying, very slightly contaminated
A: almost no armour, amphibious, 8 rings, camouflage 1, gelatinous body 1,
(nimble swimmer 1), tentacles, large bone plates 1, dopey 2
a: Renounce Religion, Channel Magic, Forget Spell, Divine Exegesis


You were in the Dungeon.
You worshipped Sif Muna.
Sif Muna was extremely pleased with you.
You visited 1 branch You collected 907 gold pieces.
You spent 155 gold pieces at shops.

Inventory:

Hand Weapons
 e - a +0 scythe of protection
 h - a +2 short sword of venom (weapon)
Missiles
 i - 3 curare-tipped darts (quivered)
Jewellery
 d - a ring of flight (right tentacle)
 j - a ring of poison resistance (left tentacle)
Wands
 l - a wand of digging (2)
Scrolls
 f - a scroll of blinking
 k - 2 scrolls of fear {unknown}
 m - a scroll of summoning {unknown}
Potions
 a - 3 potions of magic
 b - 3 potions of curing
 g - a potion of enlightenment {unknown}


   Skills:
 + Level 1.6 Fighting
 + Level 3.4 Polearms
 + Level 2.5 Throwing
 + Level 6.0 Dodging
 - Level 2.6 Stealth
 + Level 2.1 Unarmed Combat
 + Level 12.6 Spellcasting
 * Level 11.5 Conjurations
 + Level 4.6 Hexes
 + Level 15.1 Fire Magic
 * Level 7.7 Invocations
 + Level 1.0 Evocations


You had 24 spell levels left.
You knew the following spells:

 Your Spells              Type           Power      Damage    Failure   Level
a - Foxfire               Conj/Fire      100%       2x1d9     1%          1
b - Scorch                Fire           100%       2d9       1%          2
c - Inner Flame           Hex/Fire       46%        N/A       1%          3
d - Flame Wave            Conj/Fire      56%        2d13      1%          4

Your spell library contained the following spells:

 Spells                   Type           Power      Damage    Failure   Level
 Volatile Blastmotes      Fire/Tloc      76%        2d16      1%          3


Dungeon Overview and Level Annotations

Branches:
Dungeon (1/1)

Altars:
Cheibriados
Dithmenos
Elyvilon
Fedhas
Gozag
Hepliaklqana
Kikubaaqudgha
Makhleb
Nemelex Xobeh
Okawaru
Qazlal
Ru
Sif Muna
Trog
Uskayaw
Vehumet
Wu Jian
Xom
Yredelemnul
Zin
The Shining One
Jiyva
Lugonu

Shops:
D (**?(=[


Innate Abilities, Weirdness & Mutations

You cannot wear most types of armour.
You are amphibious.
You can wear up to eight rings at the same time.
Your skin changes colour to match your surroundings (Stealth+).
Your rubbery body absorbs attacks. (AC +1, EV +1)
((You are camouflaged when in or above water. (Stealth+)))
You have tentacles for arms and can constrict up to eight enemies at once.
You are partially covered in large bone plates. (SH +4)
You are very dopey. (Int -4)


Message History

The hornet is severely wounded.
The hornet closely misses you. The hornet stings you!
You feel yourself slow down.
Unknown command.
A wave of flame ripples out!
The flame wave engulfs the hornet.
The hornet is almost dead.
You finish channelling waves of flame.
The hornet stings you! The hornet closely misses you.
The centaur warrior is engulfed in a cloud of scalding steam.
Unknown command.
Casting: Flame Wave (safe; 1% risk of failure)
Confirm with . or Enter, or press ? or * to list all spells.
Casting: Flame Wave (safe; 1% risk of failure)
Press: ? - help, Dir - look around, f - activate You miscast Flame Wave.
You are very lightly contaminated with residual magic.
Nothing appears to happen.
The hornet stings you.
* * * LOW HITPOINT WARNING * * *
The hornet barely misses you.
The centaur warrior is engulfed in a cloud of scalding steam.
Casting: Flame Wave (safe; 1% risk of failure)
Confirm with . or Enter, or press ? or * to list all spells.
Casting: Flame Wave (safe; 1% risk of failure)
Press: ? - help, Dir - look around, f - activate
Okay, then.
Unknown command.
Casting: Flame Wave (safe; 1% risk of failure)
Confirm with . or Enter, or press ? or * to list all spells.
Flames lash the hornet.
The hornet is almost dead.
The hornet's fire resistance burns away.
You feel yourself speed up. The hornet closely misses you.
The hornet is engulfed in a cloud of scalding steam.
You kill the hornet!
Sif Muna accepts your kill.
You see here Sif Muna's Tractate on the Squall and Wildfire {god gift}.
Sif Muna grants you a gift!
The centaur warrior shoots an arrow.
The arrow hits you!!
You die...

##########################
#<)#.)'..#..'..#__#..)...#
#..'..#..[..#..'..'..#)..#
#..#####'#####'#__####...+
#..####..#...#.####§§#####
#..#__####..##@#§~§§y#
#..#_____##'#_○§c~§§§§
#⌠⌠#_.∩...'..._#§~§§§#
##.#_..__##_.#'##+####
#..#_____###'#)#§)..###
############.####'###.##
#∩........'..['.....'.∩#
###''''####...##########
#.......####.###


You could see a centaur warrior.

Vanquished Creatures
  A centaur warrior (D)
  Sonja (D)
  A deep troll (D)
  8 shining eyes (D)
  2 kobold demonologists (D)
  A hornet (D)
  Sigmund (D)
  A slime creature (D)
  A yak (D)
  5 floating eyes (D)
  An ogre (D)
  A jelly (D)
  Ijyb (D)
  2 ballistomycete spores (D)
27 creatures vanquished.

Vanquished Creatures (others)
  85 foxfires (D)
85 creatures vanquished.

Grand Total: 112 creatures vanquished

Notes
Turn   | Place    | Note
-------+----------+-------------------------------------------
     0 | D        | Conn the Octopode Fire Elementalist began the quest for the
                  | Orb.
     0 | D        | Reached XP level 1. HP: 11/11 MP: 3/3
     3 | D        | Noticed Ijyb
    10 | D        | Killed Ijyb
    11 | D        | Reached skill level 5 in Fire Magic
    11 | D        | Reached XP level 2. HP: 17/17 MP: 0/5
    11 | D        | Reached XP level 3. HP: 21/21 MP: 0/7
    19 | D        | Learned a level 2 spell: Scorch
    23 | D        | Learned a level 3 spell: Inner Flame
    85 | D        | Noticed an ogre
    92 | D        | Killed an ogre
    93 | D        | Reached skill level 6 in Fire Magic
    93 | D        | Reached XP level 4. HP: 27/27 MP: 0/10
   179 | D        | Learned a level 4 spell: Flame Wave
   179 | D        | Noticed Sigmund
   185 | D        | Killed Sigmund
   186 | D        | Reached skill level 1 in Unarmed Combat
   186 | D        | Reached skill level 5 in Spellcasting
   186 | D        | Reached skill level 5 in Conjurations
   186 | D        | Reached skill level 8 in Fire Magic
   186 | D        | Reached XP level 5. HP: 31/31 MP: 1/13
   186 | D        | Reached XP level 6. HP: 36/36 MP: 1/14
   286 | D        | Found a shimmering blue altar of Sif Muna.
   287 | D        | Found an ornate altar of the Wu Jian Council.
   288 | D        | Found a radiant altar of Vehumet.
   293 | D        | Reached skill level 9 in Fire Magic
   295 | D        | Became a worshipper of Sif Muna the Loreminder
   375 | D        | Found Uhoniotell's Magic Scroll Emporium.
   375 | D        | Found an ancient bone altar of Kikubaaqudgha.
   375 | D        | Found a hazy altar of Hepliaklqana.
   375 | D        | Found a stormy altar of Qazlal.
   375 | D        | Found a hide-covered altar of Uskayaw.
   375 | D        | Found a blossoming altar of Fedhas.
   375 | D        | Found a bloodstained altar of Trog.
   375 | D        | Found an iron altar of Okawaru.
   375 | D        | Found a basalt altar of Yredelemnul.
   375 | D        | Found a glowing golden altar of the Shining One.
   375 | D        | Found a snail-covered altar of Cheibriados.
   375 | D        | Found a sacrificial altar of Ru.
   375 | D        | Found a glowing silver altar of Zin.
   375 | D        | Found a shadowy altar of Dithmenos.
   375 | D        | Found a white marble altar of Elyvilon.
   375 | D        | Noticed a yak
   380 | D        | Killed a yak
   381 | D        | Reached skill level 1 in Polearms
   381 | D        | Reached skill level 1 in Hexes
   381 | D        | Reached skill level 10 in Fire Magic
   381 | D        | Reached XP level 7. HP: 24/41 MP: 6/17
   381 | D        | Found an opulent altar of Gozag.
   382 | D        | Found a sparkling altar of Nemelex Xobeh.
   452 | D        | Noticed Sonja
   455 | D        | Killed Sonja
   456 | D        | Reached skill level 1 in Fighting
   456 | D        | Reached skill level 5 in Dodging
   456 | D        | Reached skill level 11 in Fire Magic
   456 | D        | Reached XP level 8. HP: 25/48 MP: 11/20
   630 | D        | Found Wuoguyff's Antique Weapon Boutique.
   659 | D        | Found a burning altar of Makhleb.
   659 | D        | Found a viscous altar of Jiyva.
   659 | D        | Found a shimmering altar of Xom.
   659 | D        | Found a corrupted altar of Lugonu.
   659 | D        | Noticed a slime creature
   669 | D        | Killed a slime creature
   669 | D        | Reached * piety under Sif Muna
   776 | D        | Noticed a deep troll
   784 | D        | Killed a deep troll
   785 | D        | Reached skill level 1 in Throwing
   785 | D        | Reached skill level 12 in Fire Magic
   785 | D        | Reached XP level 9. HP: 53/53 MP: 13/22
   799 | D        | Found Okejer's Armour Emporium.
   846 | D        | Noticed a kobold demonologist
   851 | D        | Killed a kobold demonologist
   852 | D        | Reached skill level 1 in Invocations
   852 | D        | Reached ** piety under Sif Muna
   852 | D        | Killed a kobold demonologist
   853 | D        | Reached skill level 10 in Spellcasting
   853 | D        | Reached skill level 13 in Fire Magic
   969 | D        | Noticed a shining eye
   969 | D        | Noticed a shining eye
   969 | D        | Noticed a shining eye
   970 | D        | Gained mutation: You are weak. (Str -2) [a shining eye]
   973 | D        | Paralysed by a floating eye for 3 turns
   979 | D        | Paralysed by a floating eye for 2 turns
   982 | D        | Paralysed by a floating eye for 3 turns
   988 | D        | Killed a shining eye
   988 | D        | Reached *** piety under Sif Muna
   988 | D        | Noticed a shining eye
   990 | D        | Killed a shining eye
   991 | D        | Reached skill level 10 in Conjurations
   991 | D        | Killed a shining eye
   992 | D        | Reached skill level 5 in Invocations
   992 | D        | Reached XP level 10. HP: 59/59 MP: 5/25
   992 | D        | Noticed a shining eye
  1150 | D        | Paralysed by a floating eye for 4 turns
  1154 | D        | Killed a shining eye
  1154 | D        | Reached **** piety under Sif Muna
  1155 | D        | Reached skill level 14 in Fire Magic
  1161 | D        | Lost mutation: You are weak. (Str -2) [a shining eye]
  1162 | D        | Gained mutation: You are dopey. (Int -2) [a shining eye]
  1167 | D        | Killed a shining eye
  1168 | D        | Reached skill level 1 in Evocations
  1173 | D        | Noticed a shining eye
  1311 | D        | Killed a shining eye
  1402 | D        | Noticed a shining eye
  1402 | D        | Noticed a shining eye
  1422 | D        | Killed a shining eye
  1422 | D        | Reached ***** piety under Sif Muna
  1494 | D        | Gained mutation: You are partially covered in large bone
                  | plates. (SH +4) [a shining eye]
  1495 | D        | Gained mutation: You are very dopey. (Int -4) [a shining
                  | eye]
  1506 | D        | Killed a shining eye
  1517 | D        | Found Bekulih's Assorted Antiques.
  1517 | D        | Found Tewk's Antique Weapon Shop.
  1517 | D        | Found Lustrumurch's General Store.
  1517 | D        | Found Visugap's Jewellery Boutique.
  1522 | D        | Bought a large diamond ring for 155 gold pieces
  1617 | D        | Noticed a centaur warrior
  1617 | D        | Noticed a centaur warrior
  1627 | D        | Killed a centaur warrior
  1628 | D        | Reached skill level 15 in Fire Magic
  1635 | D        | Received a gift from Sif Muna
  1635 | D        | Shot with an arrow by a centaur warrior

Illustrated notes

Levels and vault maps discovered:
D:        dungeon_sprint_1 [red_sonja_temple_1, red_sonja_temple_small_1]

Skill      XL: |  1  2  3  4  5  6  7  8  9 10 |
---------------+-------------------------------+-----
Conjurations   | 2 4 5 6 8 9 10 11 | 11.5
Fire Magic     | 5 6 8 10 11 12 13 15 | 15.1
Dodging        | 3 4 5 6 |  6.0
Spellcasting   | 4 5 6 8 9 11 12 | 12.6
Unarmed Combat | 1 2 |  2.1
Polearms       | 1 2 3 |  3.4
Hexes          | 1 2 3 4 |  4.6
Fighting       | 1 |  1.6
Throwing       | 1 2 |  2.5
Invocations    | 5 7 |  7.7
Evocations     | 1 |  1.0
Stealth        | |  2.6

Action                     |  1- 3 |  4- 6 |  7- 9 | 10-12 || total
---------------------------+-------+-------+-------+-------++-------
  Melee: Unarmed           |     3 |       |       |       ||     3
         Tentacles         |     1 |     1 |       |       ||     2
         Constrict         |     1 |       |       |       ||     1
         Halberd           |       |     2 |       |       ||     2
         Punch             |       |     1 |       |       ||     1
  Throw: Dart              |       |       |     3 |       ||     3
   Cast: Foxfire           |     4 |     2 |     8 |    45 ||    59
         Scorch            |     1 |     5 |    14 |     8 ||    28
         Inner Flame       |       |     1 |     6 |     8 ||    15
         Flame Wave        |       |     1 |     1 |     4 ||     6
  Evoke: Wand              |     1 |       |     1 |     1 ||     3
    Use: Potion            |     2 |       |       |     1 ||     3
 Armour: Skin              |     1 |       |       |       ||     1
  Dodge: Dodged            |     2 |     4 |     1 |     7 ||    14

Table legend: (Time is in decaauts)
 A = Elapsed time spent in this place.
 B = Non-inter-level travel time spent in this place.
 C = Inter-level travel time spent in this place.
 D = Time resting spent in this place.
 E = Time spent auto-exploring this place.
 F = Levels seen in this place.
 G = Mean time per level.
                   A        B        C        D        E       F      G
               +--------+--------+--------+--------+--------+-----+--------+
         Total |   1630 |   1630 |      0 |    923 |      0 |   1 | 1630.0 |
       Dungeon |   1630 |   1630 |      0 |    923 |      0 |   1 | 1630.0 |
               +--------+--------+--------+--------+--------+-----+--------+

Top non-repeatable levels by time:
       D: 1630 daAuts
